 Dungeon Crawl Stone Soup version 0.31-a0-210-gccc998df9b (webtiles) character file.

Game seed: 16186698763241982518

14 Ofeo the Conjurer (level 2, -4/23 HPs)
             Began as an Armataur Reaver on June 29, 2023.
             Succumbed to a goblin's poison
             ... on level 1 of the Dungeon.
             The game lasted 00:00:23 (332 turns).

Ofeo the Conjurer (Armataur Reaver)                  Turns: 332, Time: 00:00:24

Health: -4/23      AC:  8    Str: 16    XL:     2   Next: 27%
Magic:  4/4        EV:  2    Int: 17    God:
Gold:   28         SH:  0    Dex:  7    Spells: 3/4 levels left

rFire   . . .        a - +0 hand axe
rCold   . . .        (no shield)
rNeg    . . .        c - +0 plate armour
rPois   .            (no helmet)
rElec   .            (no cloak)
rCorr   .            (no gloves)
SInv    .            (no barding)
Will    .....        (no amulet) Stlth
                     (no ring)
HPRegen 0.23/turn    (no ring)
MPRegen 0.09/turn

%: roll
@: lethally poisoned (-4 -> -29)
A: large, rugged brown scales 3, deformed body, armoured tail, roll, long
tongue, awkward tongue, talons 1, clever 1, frail 1
a: no special abilities


You were on level 1 of the Dungeon.
You visited 1 branch of the dungeon, and saw 1 of its levels.

You collected 28 gold pieces.

Inventory:

Hand Weapons
 a - a +0 hand axe (weapon)
Armour
 b - a +0 leather armour
 c - a +0 plate armour (worn)


   Skills:
 + Level 2.1 Fighting
 + Level 2.6 Axes
 + Level 1.7 Dodging
 - Level 1.7 Spellcasting
 - Level 2.6 Conjurations


You had 3 spell levels left.
You knew the following spells:

 Your Spells              Type           Power      Damage    Failure   Level
a - Kiss of Death         Conj/Necr      24%        2d7       100%        1

Your spell library contained the following spells:

 Spells                   Type           Power      Damage    Failure   Level
 Momentum Strike          Conj/Tloc      12%        3d8       100%        2
 Hailstorm                Conj/Ice       6%         3d4       100%        3
 Portal Projectile        Hex/Tloc       2%         N/A       100%        3
 Tukima's Dance           Hex            1%         N/A       100%        3
 Blade Hands              Tmut           0%         N/A       100%        5


Dungeon Overview and Level Annotations

Branches:
Dungeon (1/15)

Altars:


Innate Abilities, Weirdness & Mutations

You are completely covered in rugged brown scales. (AC +3, +7% HP)
Armour fits poorly on your strangely shaped body.
You have a long armoured tail.
You roll when moving toward enemies. (Rampage)
Your long tongue fully drains potion bottles. (2x potion effects)
Your tongue gives you trouble enunciating. (1.5x scroll delay)
You have sharp toenails.
Your mind is acute. (Int +4, Str/Dex -1)
You are frail. (-10% HP)


Message History

The goblin shouts!
The goblin hits you but does no damage.
You are poisoned.
You hit the goblin.
The goblin is heavily wounded.
You feel sick. The goblin hits you but does no damage.
You take 2 damage, and have 23/25 hp.
You barely miss the goblin.
The goblin is heavily wounded.
You feel sick.
The goblin hits you with a +1 dagger of venom.
You are more poisoned.
You take 4 damage, and have 19/25 hp.
You barely miss the goblin.
Your tail-slap misses the goblin.
The goblin is heavily wounded.
You feel very sick. The goblin hits you but does no damage.
You are lethally poisoned!
The goblin hits you but does no damage.
You are more poisoned.
You take 3 damage, and have 16/25 hp.
You closely miss the goblin.
The goblin is heavily wounded.
You feel extremely sick. The goblin hits you but does no damage.
You are more poisoned.
You take 8 damage, and have 8/25 hp.
MASSIVE DAMAGE!!
You are too injured to fight recklessly!
There is a lethal amount of poison in your body!
There is a lethal amount of poison in your body!
It was a potion of mutation.
You feel extremely strange.
You feel frail.
You feel clever.
Your toenails lengthen and sharpen.
You slurp down every last drop of the potion of mutation!
* * * LOW HITPOINT WARNING * * *
You feel extremely sick. The goblin barely misses you.
You take 7 damage, and have 1/23 hp.
MASSIVE DAMAGE!!
You slash the goblin!
You kill the goblin!
You die...

.#.....###.#.#### ..#
........##......#######
###
.........##..##.......#
.........###.########..
.........# #.##
.........# #..#
.........# ##.### #
.........# #...####...#
.....[..## ###.@)...#
##.##### #.# ###


There were no monsters in sight!

Vanquished Creatures
  A dart slug (D:1)
  2 ball pythons (D:1)
  An endoplasm (D:1)
  2 giant cockroaches (D:1)
  2 goblins (D:1)
  A hobgoblin (D:1)
  2 frilled lizards (D:1)
  A rat (D:1)
12 creatures vanquished.

Notes
Turn   | Place    | Note
-------+----------+-------------------------------------------
     0 | D:1      | Ofeo the Armataur Reaver began the quest for the Orb.
     0 | D:1      | Reached XP level 1. HP: 18/18 MP: 3/3
   165 | D:1      | Reached XP level 2. HP: 23/25 MP: 4/4
   331 | D:1      | Gained mutation: You are frail. (-10% HP) [potion of
                  | mutation]
   331 | D:1      | Gained mutation: Your mind is acute. (Int +4, Str/Dex -1)
                  | [potion of mutation]
   331 | D:1      | Gained mutation: You have sharp toenails. [potion of
                  | mutation]
   331 | D:1      | HP: 1/23 [poisoned by a goblin]
   332 | D:1      | Succumbed to a goblin's poison

Illustrated notes

Levels and vault maps discovered:
D:1:      nzn_arrival_depleted_hourglass, layout_rooms,
          wander_ebering_terrifying_dragon_lair

Skill      XL: |  1 |
---------------+----+-----
Fighting       | 2 |  2.1
Axes           | |  2.6
Dodging        | |  1.7
Spellcasting   | |  1.7
Conjurations   | |  2.6

Action                     || total
---------------------------++-------
  Melee: Hand axe          ||    29
         Tailslap          ||     5
    Use: Potion            ||     1
 Armour: Plate armour      ||    13
         Leather armour    ||     4
  Dodge: Dodged            ||     4

Table legend: (Time is in decaauts)
 A = Elapsed time spent in this place.
 B = Non-inter-level travel time spent in this place.
 C = Inter-level travel time spent in this place.
 D = Time resting spent in this place.
 E = Time spent auto-exploring this place.
 F = Levels seen in this place.
 G = Mean time per level.
                   A        B        C        D        E       F      G
               +--------+--------+--------+--------+--------+-----+--------+
         Total |    337 |    337 |      0 |      0 |    256 |   1 |  337.0 |
       Dungeon |    337 |    337 |      0 |      0 |    256 |   1 |  337.0 |
               +--------+--------+--------+--------+--------+-----+--------+

Top non-repeatable levels by time:
     D:1: 337 daAuts
